AoeStats
← andreipg2017

Arena

510799736Analyzed
1v1 RM · 13h ago on Oct 2, 2026· 64m 20s· 2 players
Game mode
Random Map
Map size
Tiny (2 player)
Population
200
Speed
Normal
Resources
Standard
Victory
Conquest
Starting age
Dark Age
Ending age
Imperial Age
RankedLock teamsTeams togetherTeam positionsShared explorationLock speedFull tech treeHidden civsTurbo modeCheats
Victory
Defeat
🇪🇸 Varangians · Spain
212
+8
🇲🇽 Chinese · Mexico
16
-8
sady5144
13:54 Feudal Age
14:58 Double-Bit Axe
17:28 Gold Mining
19:54 Horse Collar
24:20 Stone Mining
26:54 Castle Age
26:56 Wheelbarrow
37:35 Heavy Plow
48:15 Elite Skirmisher
53:01 Great Wall
53:27 Husbandry
53:26 Fletching
53:37 Padded Archer Armor
56:49 Hand Cart
58:12 Masonry
58:13 Fortified Wall
62:33 Bodkin Arrow
62:53 Leather Archer Armor
62:49 Forging
62:40 Scale Mail Armor
andreipg2017
11:39 Feudal Age
11:51 Feudal Age
13:48 Double-Bit Axe
13:47 Horse Collar
19:06 Castle Age
18:00 Forging
17:51 Scale Mail Armor
18:01 Scale Mail Armor
17:58 Fletching
20:03 Man-at-Arms
20:49 Gold Mining
20:49 Stone Mining
24:49 Bow Saw
34:06 Imperial Age
33:10 Town Watch
33:13 Loom
34:03 Wheelbarrow
34:54 Iron Casting
34:34 Chain Mail Armor
34:24 Scale Barding Armor
35:06 Chain Mail Armor
36:24 Careening
36:07 Guard Tower
35:58 Treadmill Crane
36:30 Masonry
38:28 Town Patrol
38:43 Hand Cart
38:21 Crossbowman
42:01 Plate Mail Armor
42:31 Blast Furnace
41:36 Scale Barding Armor
41:32 Padded Archer Armor
42:12 Long Swordsman
42:12 Pikeman
43:43 Elite Jarl
45:35 Elite Varangian Guard
47:54 Vendel Legacy
47:54 Gothikon
55:57 Scale Barding Armor
55:48 Bodkin Arrow
56:08 Leather Archer Armor
57:23 Gothikon
62:18 Chemistry
Connection lost

Rejoining the realm…

Still unreachable

The connection could not be restored.

Session expired

The server has moved on; the page needs a fresh start.